 Dungeon Crawl Stone Soup version 0.20-a0-433-g9e36e56 (webtiles) character file.

27 Amnesiac the Vexing (level 2, 0/19 HPs)
             Began as a Mummy Enchanter on Jan 3, 2017.
             Killed by divine providence
             ... invoked by an orc priest
              (12 damage)
             ... on level 4 of the Dungeon.
             The game lasted 00:01:35 (343 turns).

Amnesiac the Vexing (Mummy Enchanter)                Turns: 343, Time: 00:01:35

Health: 0/19       AC:  4    Str: 11    XL:     2   Next: 93%
Magic:  3/6        EV: 12    Int: 14    God:
Gold:   30         SH:  0    Dex: 12    Spells: 6/7 levels left

rFire  x . .     SeeInvis .     a - +1 dagger
rCold  + . .     Gourm    .     b - +0 robe
rNeg   + + +     Faith    .     (no shield)
rPois  ∞         Spirit   .     (no helmet)
rElec  .         Reflect  .     e - +1 cloak
rCorr  .         Harm     .     (no gloves)
MR     .....                    (no boots)
Stlth  ++........               f - amulet of rage
                                (no ring)
                                (no ring)

@: very slightly contaminated
A: no food or potions, fire vulnerability, cold resistance 1, negative energy
resistance 3, torment resistance, unbreathing
a: no special abilities


You were on level 4 of the Dungeon.
You were not hungry.

You visited 1 branch of the dungeon, and saw 4 of its levels.

You collected 30 gold pieces.

Inventory:

Hand Weapons
 a - a +1 dagger (weapon)
 h - a +4 mace
Armour
 b - a +0 robe (worn)
 e - a +1 cloak (worn)
Jewellery
 f - an amulet of rage (around neck)
Scrolls
 d - a scroll of blinking {unknown}
 g - a scroll of identify {unknown}
Books
 c - a book of Maledictions

   Spells                             Type                      Level
   a - Corona                         Hexes                        1
   b - Ensorcelled Hibernation        Hexes/Ice                    2
   c - Confuse                        Hexes                        3
   d - Tukima's Dance                 Hexes                        3
   e - Dazzling Spray                 Conjuration/Hexes            3


   Skills:
 - Level 0.7 Short Blades
 - Level 1.5 Dodging
 - Level 2.4 Stealth
 + Level 3.3 Spellcasting
 * Level 3.4 Hexes


You had 6 spell levels left.
You knew the following spells:

 Your Spells              Type           Power        Failure   Level  Hunger
f - Corona                Hex            ##.....      6%          1    N/A

Dungeon Overview and Level Annotations

Branches:
Dungeon (4/15)
 Temple: D:4-7

Altars:
Uskayaw

Annotations:
D:4 exclusion: slave


Innate Abilities, Weirdness & Mutations

You do not eat or drink.
Your flesh is vulnerable to fire.
You are immune to poison.
Your flesh is cold resistant. (rC+)
You are immune to negative energy. (rN+++)
You are immune to unholy pain and torment.
You can survive without breathing.


Message History

The orc closely misses you. The orc hits you but does no damage.
An orc priest comes into view. It is wielding a flail.
Things that are here:
an enchanted mace; an orc corpse
Casting: Corona
Confirm with . or Enter, or press ? or * to list all spells.
Aiming: Corona
Press: ? - help, Shift-Dir - straight line, f - orc
Aim: an orc, wielding an enchanted trident (chance to defeat MR: 64%)
You miscast Corona.
You are very lightly contaminated with residual magic.
Your skin tingles.
The orc priest shouts!
The orc shouts!
The orc closely misses you.
h - an enchanted mace The orc priest invokes the aid of Beogh against you.
Beogh smites you!
Ouch! That really hurt!
You die...

###################
#..........oo.oo@.#
#.#########.#####.#
..# #.# ##### ###
#.# ##_## #.# 8...8
#o# #.....# o.#
8.....8
oo.##.....## ###
#8.$.8#


You could see an orc priest and 3 orcs.

Vanquished Creatures
  2 adders
  An orc (D:4)
  2 hobgoblins
  3 bats (D:1)
  A frilled lizard (D:2)
9 creatures vanquished.

Notes
Turn   | Place    | Note
-------+----------+-------------------------------------------
     0 | D:1      | Amnesiac the Mummy Enchanter began the quest for the Orb.
     0 | D:1      | Reached XP level 1. HP: 13/13 MP: 4/4
   179 | D:2      | Reached XP level 2. HP: 16/19 MP: 4/6
   267 | D:4      | Noticed a slave
   330 | D:4      | Found a hide-covered altar of Uskayaw.
   343 | D:4      | Killed from afar by an orc priest

Vault maps used:
D:1:      lightli_arrival_lavapool
D:2:      grunt_dithmenos_smoke
D:3:      lemuel_round_altar, marbit_many_paths
D:4:      nicolae_overflow_hidden_temple, serial_shops, shop, first_bread,
          uniq_pikel

Skill      XL: |  1 |
---------------+----+-----
Spellcasting   | 3 |  3.3
Hexes          | 3 |  3.4
Short Blades   | |  0.7
Dodging        | |  1.5
Stealth        | |  2.4

Action                   || total
-------------------------++-------
Melee: Dagger            ||    26
 Cast: Corona            ||     8
 Stab: Sleeping          ||     4
Armor: Robe              ||     9
Dodge: Dodged            ||    15
